 Dungeon Crawl Stone Soup version 0.28.0 (webtiles) character file.

Game seed: 13158891705325173032

7 mdonais the Digger (level 2, -7/17 HPs)
             Began as an Octopode Earth Elementalist on Feb 11, 2022.
             Mangled by a gnoll (10 damage)
             ... on level 1 of the Dungeon.
             The game lasted 00:02:43 (741 turns).

mdonais the Digger (Octopode Earth Elementalist)     Turns: 741, Time: 00:02:44

Health: -7/17      AC:  1    Str:  7    XL:     2   Next: 4%
Magic:  3/5        EV: 13    Int: 17    God:
Gold:   18         SH:  0    Dex: 12    Spells: 4/5 levels left

rFire   . . .      SeeInvis .   d - +0 short sword
rCold   . . .      Faith    .   (no shield)
rNeg    . . .      Spirit   .   (helmet restricted)
rPois   .          Reflect  .   (no amulet)
rElec   .          Harm     .   (no ring)
rCorr   .          Rampage  .   (no ring)
Will    .....                   (no ring)
Stlth   +++.......              (no ring)
HPRegen 0.05/turn               (no ring)
MPRegen 0.09/turn               (no ring)
                                (no ring)
                                (no ring)

@: no status effects
A: almost no armour, amphibious, 8 rings, camouflage 1, gelatinous body 1,
(nimble swimmer 1), tentacles
a: no special abilities


You were on level 1 of the Dungeon.
You visited 1 branch of the dungeon, and saw 1 of its levels.

You collected 18 gold pieces.

Inventory:

Hand Weapons
 d - a +0 short sword (weapon)
   (You took it off a kobold on level 1 of the Dungeon)
Missiles
 b - 36 stones
Scrolls
 a - a scroll of teleportation {unknown}
 c - a scroll of enchant armour {unknown}


   Skills:
 - Level 2.0 Dodging
 - Level 3.0 Stealth
 + Level 2.2 Spellcasting
 - Level 1.0 Transmutations
 + Level 3.2 Earth Magic


You had 4 spell levels left.
You knew the following spells:

 Your Spells              Type           Power      Damage    Failure   Level
a - Sandblast             Erth           24%        2d8       4%          1

Your spell library contained the following spells:

 Spells                   Type           Power      Damage    Failure   Level
 Passwall                 Tmut/Erth      7%         N/A       12%         2
 Stone Arrow              Conj/Erth      14%        3d7       28%         3
 Petrify                  Tmut/Erth      9%         N/A       61%         4


Dungeon Overview and Level Annotations

Branches:
Dungeon (1/15)

Altars:


Innate Abilities, Weirdness & Mutations

You cannot wear most types of armour.
You are amphibious.
You can wear up to eight rings at the same time.
Your skin changes colour to match your surroundings (Stealth+).
Your rubbery body absorbs attacks. (AC +1, EV +1)
((You are camouflaged when in or above water. (Stealth+)))
You have tentacles for arms and can constrict up to eight enemies at once.


Message History

A gnoll comes into view. It is wielding a +0 flail.
Found 9 stones.
b - 39 stones (gained 9)
A ball python comes into view.
The ball python hisses angrily.
The ball python moves out of view.
You hit the ball python. You grab the ball python. You squeeze the ball python.
You kill the ball python!
You open the door.
There is an open door here.
Found 3 gold pieces.
You now have 6 gold pieces (gained 3).
There is a stone staircase leading down here.
A goblin comes into view. It is wielding a +0 club.
The goblin shouts!
You closely miss the goblin. Your grab misses the goblin.
The goblin barely misses you. The goblin hits you with a +0 club.
You take 1 damage, and have 10/11 hp.
You hit the goblin. Your grab misses the goblin.
The goblin is almost dead.
The goblin hits you with a +0 club.
You take 1 damage, and have 9/11 hp.
You closely miss the goblin. You grab the goblin.
The goblin is almost dead.
You constrict the goblin, but do no damage.
The goblin hits you with a +0 club.
You take 3 damage, and have 6/11 hp.
MASSIVE DAMAGE!!
You hit the goblin.
You kill the goblin!
You start resting.
HP restored.
Health restored: 11 You open the door.
There is an open door here.
A kobold comes into view. It is wielding a +0 short sword.
Casting: Sandblast (safe; 5% risk of failure)
Confirm with . or Enter, or press ? or * to list all spells.
Aiming: Sandblast (safe; 5% risk of failure)
Press: ? - help, Shift-Dir - straight line, f - kobold
Aim: a kobold, wielding a +0 short sword (asleep, 100% to hit)
The blast of sand hits the kobold.
You kill the kobold!
Training target 3.0 for Stealth reached!
Your Stealth skill increases to level 3!
You now have 2/3 mp.
You see here a +0 short sword.
d - a +0 short sword
d - a +0 short sword (weapon)
Magic restored.
MP restored: 3 You drop a +0 club.
There is a stone staircase leading down here.
A ball python comes into view.
A bat comes into view.
The ball python hisses angrily.
The ball python bites you. The ball python misses you.
You take 2 damage, and have 9/11 hp.
You barely miss the ball python. Your grab misses the ball python.
You squeeze the ball python.
You kill the ball python!
The bat hits you.
You take 1 damage, and have 8/11 hp.
You completely miss the bat. Your grab misses the bat.
Your squeeze misses the bat. The bat hits you.
You take 1 damage, and have 7/11 hp.
The bat hits you but does no damage. The bat barely misses you. x2
You barely miss the bat. Your grab misses the bat. Your squeeze misses the bat.
The bat hits you.
You take 1 damage, and have 6/11 hp.
The bat hits you but does no damage. The bat closely misses you.
You miss the bat. Your grab misses the bat. The bat misses you.
The bat hits you.
You take 1 damage, and have 5/11 hp.
You are too injured to fight recklessly!
You are too injured to fight recklessly!
You are too injured to fight recklessly!
You hit the bat. Your grab misses the bat.
The bat is moderately wounded.
The bat hits you but does no damage.
You hit the bat.
You kill the bat!
You start resting.
HP restored.
Health restored: 11 You see here a bat corpse.
A ball python comes into view.
Found a robe.
Found 12 gold pieces.
The helpless ball python fails to defend itself.
You hit the ball python.
You kill the ball python!
You open the door.
There is an open door here.
A ball python comes into view.
Found a faded altar of an unknown god.
You open the door.
The ball python hisses angrily.
You hit the ball python but do no damage.
Your grab misses the ball python. The ball python barely misses you.
The ball python closely misses you.
You closely miss the ball python. You grab the ball python.
You constrict the ball python. The ball python misses you.
The ball python closely misses you.
You hit the ball python.
You kill the ball python!
You have reached level 2!
Health restored: 17; MP restored: 5 You now have 18 gold pieces (gained 12).
You open the door.
There is an open door here.
You open the door. You open the door.
There is an open door here.
Found a scroll labelled IPUMIWKEHUU.
c - a scroll labelled IPUMIWKEHUU You open the door.
There is an open door here.
You open the door.
A ball python comes into view.
There is an open door here.
The helpless ball python fails to defend itself.
You hit the ball python.
You kill the ball python!
There is an open door here.
A giant cockroach comes into view.
The gnoll shouts!
The gnoll barely misses you.
Casting: Sandblast (safe; 4% risk of failure)
Confirm with . or Enter, or press ? or * to list all spells.
Aiming: Sandblast (safe; 4% risk of failure)
Press: ? - help, Shift-Dir - straight line, f - gnoll
Aim: a gnoll, wielding a +0 flail (82% to hit)
The blast of sand hits the gnoll.
The gnoll is heavily wounded.
The gnoll barely misses you.
You now have 4/5 mp.
You hit the gnoll. Your grab misses the gnoll. Your squeeze misses the gnoll.
The gnoll is heavily wounded.
The gnoll hits you with a +0 flail!
Ouch! That really hurt!
* * * LOW HITPOINT WARNING * * *
You take 14 damage, and have 3/17 hp.
MASSIVE DAMAGE!!
Casting: Sandblast (safe; 4% risk of failure)
Confirm with . or Enter, or press ? or * to list all spells.
Aiming: Sandblast (safe; 4% risk of failure)
Press: ? - help, Shift-Dir - straight line, f/p - gnoll
Aim: a gnoll, wielding a +0 flail (heavily wounded, 82% to hit)
The blast of sand misses the gnoll.
The gnoll hits you with a +0 flail!
Ouch! That really hurt!
You die...

.................#........###....
...........####'##........ #....
#......................... ##...
.#'#..............######.. #...
.#.'..............# #. .###...
.###..........[...# ........
.####+#...........# ......##
............###+########.......##
................@g...............
###.#.#####.###.##'##..........##
###.#.#####+###.#...#.....#######
....#.#.........#.†.#..B.........
#####.#.........#...######.######
......#.........#...######+#.....
...####.........#............####
...####.........#......>.........
...##....##'###.#...........# ##


You could see a gnoll.

Vanquished Creatures
  5 ball pythons (D:1)
  A goblin (D:1)
  A bat (D:1)
  A kobold (D:1)
8 creatures vanquished.

Notes
Turn   | Place    | Note
-------+----------+-------------------------------------------
     0 | D:1      | mdonais the Octopode Earth Elementalist began the quest for
                  | the Orb.
     0 | D:1      | Reached XP level 1. HP: 11/11 MP: 3/3
   634 | D:1      | Found a faded altar of an unknown god.
   642 | D:1      | Reached XP level 2. HP: 17/17 MP: 5/5
   741 | D:1      | Mangled by a gnoll

Illustrated notes

Levels and vault maps discovered:
D:1:      amcnicky_arrival_choice, layout_basic, ebering_ecumenical_altar_webs,
          patterned_corridor

Skill      XL: |  1 |
---------------+----+-----
Stealth        | 3 |  3.0
Dodging        | |  2.0
Spellcasting   | |  2.2
Transmutations | |  1.0
Earth Magic    | |  3.2

Action                   || total
-------------------------++-------
Melee: Short sword       ||    12
       Club              ||     5
       Constrict         ||     3
       Tentacles         ||     2
 Cast: Sandblast         ||     3
 Stab: Sleeping          ||     2
Armor: Skin              ||     3
Dodge: Dodged            ||    12
